 Dungeon Crawl Stone Soup version 0.29-a0-11-ga75d3d97ab (webtiles) character file.

Game seed: 7428704495310410003

67 issech the Cudgeller (level 3, -1/36 HPs)
             Began as a Troll Monk on Jan 29, 2022.
             Slain by a gnoll (5 damage)
             ... on level 2 of the Dungeon.
             The game lasted 00:04:00 (1304 turns).

issech the Cudgeller (Troll Monk)                   Turns: 1304, Time: 00:04:00

Health: -1/36      AC:  4    Str: 19    XL:     3   Next: 98%
Magic:  2/2        EV: 10    Int:  6    God:
Gold:   37         SH:  0    Dex: 14    Spells: 2/2 levels left

rFire   . . .      SeeInvis .   a - +0 mace
rCold   . . .      Faith    .   (no shield)
rNeg    . . .      Spirit   .   b - +0 robe
rPois   .          Reflect  .   (helmet restricted)
rElec   .          Harm     .   (no cloak)
rCorr   .          Rampage  .   (gloves unavailable)
Will    .....                   (boots unavailable)
Stlth   ++........              (no amulet)
HPRegen 0.92/turn               (no ring)
MPRegen 0.08/turn               (no ring)

@: no status effects
A: large, unfitting armour, claws 3, regeneration 1, shaggy fur 1, tough skin 1
a: no special abilities


You were on level 2 of the Dungeon.
You visited 1 branch of the dungeon, and saw 2 of its levels.

You collected 37 gold pieces.

Inventory:

Hand Weapons
 a - a +0 mace (weapon)
 d - a +0 flail
 i - a +0 hunting sling
Missiles
 c - 21 arrows
 f - 41 stones (quivered)
 h - 21 bolts
Armour
 b - a +0 robe (worn)
Potions
 e - a potion of curing {unknown}
 g - 2 potions of might {unknown}
 j - a potion of cancellation {unknown}


   Skills:
 + Level 2.6 Fighting
 + Level 3.8 Maces & Flails
 + Level 2.7 Dodging
 + Level 1.2 Stealth


You had 2 spell levels left.
You didn't know any spells.
Your spell library contained the following spells:

 Spells                   Type           Power      Damage    Failure   Level
 Foxfire                  Conj/Fire      0%         2x1d4     45%         1
 Conjure Flame            Conj/Fire      0%         6-21      83%         3
 Inner Flame              Hex/Fire       0%         N/A       83%         3
 Flame Wave               Conj/Fire      0%         2d4       99%         4


Dungeon Overview and Level Annotations

Branches:
Dungeon (2/15)

Altars:


Innate Abilities, Weirdness & Mutations

You are too large for most types of armour.
You have claws for hands.
Your natural rate of healing is unusually fast.
You are covered in fur. (AC +1)
You have tough skin. (AC +1)


Message History

The hobgoblin hits you.
The gnoll hits you from afar with a +0 spear.
The hobgoblin barely misses you. The gnoll closely misses you.
You hit the gnoll.
The gnoll is heavily wounded.
The gnoll barely misses you. The gnoll closely misses you.
You completely miss the gnoll.
The gnoll is heavily wounded.
The gnoll closely misses you. x2; The gnoll hits you but does no damage.
You hit the gnoll.
The gnoll is severely wounded.
The gnoll hits you from afar with a +0 spear.
The gnoll closely misses you.
The gnoll shouts!
You sock the gnoll!
You kill the gnoll!
The gnoll completely misses you.
You hit the hobgoblin.
You kill the hobgoblin!
The gnoll hits you from afar with a +0 spear. x2
The gnoll hits you with a +0 spear.
You see here a +0 flail.
The gnoll closely misses you.
The gnoll hits you from afar with a +0 spear.
The gnoll hits you with a +0 whip.
You barely miss the gnoll. The gnoll hits you with a +0 whip.
The gnoll misses you. The gnoll barely misses you. The gnoll misses you.
The gnoll barely misses you. The gnoll hits you with a +0 whip.
The gnoll hits you from afar with a +0 spear.
You barely miss the gnoll. The gnoll completely misses you.
The gnoll hits you but does no damage. The gnoll hits you but does no damage.
The gnoll hits you with a +0 whip.
* * * LOW HITPOINT WARNING * * *
You closely miss the gnoll. The gnoll hits you with a +0 spear.
* * * LOW HITPOINT WARNING * * *
The gnoll hits you but does no damage.
The gnoll hits you from afar with a +0 spear.
You die...

#...<.......### ....... ## #
##..........## #####.# .# ##.
#...........# #.# .##...
............# #.# ##......
.....†......# #.# #.......
......##....#### #.# #.......
#...######.....# ##.###.......
###.# #..##>#### #....†<......
#.# ##.).g.@.###............
#.### #####.g................
#..[## #...........†.......
###..#######.###....[..........
##.##.................##.....
#.##.........###.....#####..
######.##)..>..............# ..
........†..............###.#
.......................# #.#


You could see 2 gnolls.

Vanquished Creatures
  A gnoll (D:2)
  An adder (D:2)
  A dart slug (D:2)
  2 ball pythons
  2 endoplasms (D:1)
  8 giant cockroaches
  3 goblins
  3 hobgoblins
  4 jackals (D:1)
  2 kobolds (D:1)
  2 quokkas (D:1)
  5 bats
  3 frilled lizards (D:1)
  3 rats
40 creatures vanquished.

Notes
Turn   | Place    | Note
-------+----------+-------------------------------------------
     0 | D:1      | issech the Troll Monk began the quest for the Orb.
     0 | D:1      | Reached XP level 1. HP: 22/22 MP: 0/0
    72 | D:1      | Reached skill level 3 in Maces & Flails
   212 | D:1      | Reached XP level 2. HP: 27/29 MP: 1/1
   711 | D:1      | Reached XP level 3. HP: 36/36 MP: 2/2
  1304 | D:2      | Slain by a gnoll

Illustrated notes

Levels and vault maps discovered:
D:1:      dpeg_arrival_more_subterranean_lakeside_camping, layout_basic,
          minivault_27, kennysheep_minor_cross, minmay_worlds_worst_comb
D:2:      layout_rooms, roderic_roman_lattice, minmay_randomly_rotated_circles

Skill      XL: |  1 |
---------------+----+-----
Maces & Flails | 3 |  3.8
Fighting       | |  2.6
Dodging        | |  2.7
Stealth        | |  1.2

Action                   || total
-------------------------++-------
Melee: Mace              ||   139
       Punch             ||     2
 Stab: Sleeping          ||     5
Armor: Robe              ||   113
Dodge: Dodged            ||   123

Table legend: (Time is in decaauts)
 A = Elapsed time spent in this place.
 B = Non-inter-level travel time spent in this place.
 C = Inter-level travel time spent in this place.
 D = Time resting spent in this place.
 E = Time spent auto-exploring this place.
 F = Levels seen in this place.
 G = Mean time per level.
                   A        B        C        D        E       F      G
               +--------+--------+--------+--------+--------+-----+--------+
         Total |   1339 |   1277 |     62 |      0 |    601 |   2 |  669.5 |
       Dungeon |   1339 |   1277 |     62 |      0 |    601 |   2 |  669.5 |
               +--------+--------+--------+--------+--------+-----+--------+

Top non-repeatable levels by time:
     D:1: 1127 daAuts
     D:2: 211 daAuts
